 Dungeon Crawl Stone Soup version 0.25-a0-258-g6d7e32a812 (webtiles) character file.

Game seed: 14917404177161058477, levelgen mode: deterministic

1314 RedPan the Cleaver (level 8, -2/71 HPs)
             Began as a Hill Orc Monk on Dec 6, 2019.
             Slain by an orc warrior
             ... wielding a +0 halberd
              (16 damage)
             ... on level 6 of the Dungeon.
             The game lasted 00:09:11 (6249 turns).

RedPan the Cleaver (Hill Orc Monk)                  Turns: 6249, Time: 00:09:12

Health: -2/71      AC: 12    Str: 22    XL:     8   Next: 58%
Magic:  17/17      EV: 11    Int: 10    God:
Gold:   332        SH:  0    Dex: 13    Spells: 7/7 levels left

rFire    . . .     SeeInvis .   f - +2 war axe (curse)
rCold    . . .     Gourm    .   (no shield)
rNeg     + . .     Faith    .   m - +2 scale mail {rN+}
rPois    .         Spirit   .   (no helmet)
rElec    .         Reflect  .   (no cloak)
rCorr    .         Harm     .   g - +2 pair of gloves
MR       .....                  (no boots)
Stlth    ..........             (no amulet)
HPRegen  0.21/turn              b - +6 ring of strength
MPRegen  0.15/turn              d - ring of magical power

@: no status effects
A: no striking features
a: no special abilities


You were on level 6 of the Dungeon.
You were very hungry.

You visited 2 branches of the dungeon, and saw 7 of its levels.

You collected 332 gold pieces.

Inventory:

Hand Weapons
 f - a cursed +2 war axe (weapon)
 p - a +0 war axe
Armour
 g - a +2 pair of gloves (worn)
 m - a +2 scale mail of positive energy (worn)
Jewellery
 b - a +6 ring of strength (left hand)
 d - a ring of magical power (right hand)
Wands
 i - a wand of clouds (5)
 j - a wand of iceblast (6)
Scrolls
 a - 3 scrolls of identify
 e - 3 scrolls of teleportation
 h - 2 scrolls of remove curse
 o - a scroll of random uselessness {unknown}
 q - a scroll of enchant weapon {unknown}
Potions
 k - a potion of brilliance
 l - a potion of heal wounds
 n - 2 potions of haste
Comestibles
 c - 11 rations


   Skills:
 + Level 6.9 Fighting
 * Level 10.1 Axes
 + Level 5.0 Armour
 - Level 3.0 Dodging
 - Level 1.5 Stealth


You had 7 spell levels left.
You didn't know any spells.
Your spell library was empty.

Dungeon Overview and Level Annotations

Branches:
Dungeon (6/15)             Temple (1/1) D:4

Altars:
Ashenzari
Cheibriados
Dithmenos
Elyvilon
Fedhas
Gozag
Hepliaklqana
Kikubaaqudgha
Makhleb
Nemelex Xobeh
Okawaru
Qazlal
Ru
Sif Muna
Trog
Uskayaw
Vehumet
Wu Jian
Xom
Yredelemnul
Zin


Message History

The orc warrior barely misses you.
You barely miss the orc warrior.
The orc warrior is heavily wounded.
The orc warrior closely misses you.
You completely miss the orc warrior.
The orc warrior is heavily wounded.
You closely miss the orc warrior.
The orc warrior is heavily wounded.
The orc warrior closely misses you.
You barely miss the orc warrior.
The orc warrior is heavily wounded.
The orc warrior hits you with a +0 halberd!!
You barely miss the orc warrior.
The orc warrior is heavily wounded.
The orc warrior hits you with a +0 halberd!!
* * * LOW HITPOINT WARNING * * *
You hit the orc warrior.
The orc warrior is severely wounded.
The orc warrior hits you with a +0 halberd!
You die...

#####....###.....
#.......## #.....
#.......# ######
#.......# ###..
######### ###.... #
#...#.# #..
#########.###.#
#....#####.........# #.#
#.....o@...###########.#
#.....###### ##... #....
##..## #.....##########
#..## #..
.......<...####.## ##
##########.รท.....###
###.......# #.....)###..
#........# #.


You could see an orc warrior.

Vanquished Creatures
  An ice beast (D:5)
  2 ogres (D:6)
  A necrophage (D:6)
  2 bullfrogs (D:6)
  A wyvern zombie (D:6)
  A scorpion (D:6)
  4 wights (D:6)
  A bullfrog zombie (D:6)
  A jelly (D:6)
  An orc wizard (D:4)
  2 orc priests
  2 hounds
  7 worker ants
  A hound zombie (D:5)
  3 gnolls
  5 adders
  An ooze (D:2)
  An adder zombie (D:5)
  2 adder skeletons
  4 dart slugs
  5 leopard geckos
  10 orcs
  6 giant cockroaches
  6 goblins
  6 hobgoblins
  4 jackals (D:5)
  5 kobolds
  4 quokkas
  5 ball pythons
  2 bats
  5 frilled lizards
  A leopard gecko zombie (D:5)
  A quokka skeleton (D:6)
  6 rats
  A fungus (D:2)
  A toadstool (D:2)
111 creatures vanquished.

Vanquished Creatures (others)
  A toadstool (D:2)
1 creature vanquished.

Grand Total: 112 creatures vanquished

Notes
Turn   | Place    | Note
-------+----------+-------------------------------------------
     0 | D:1      | RedPan the Hill Orc Monk began the quest for the Orb.
     0 | D:1      | Reached XP level 1. HP: 19/19 MP: 1/1
   142 | D:1      | Reached XP level 2. HP: 24/27 MP: 2/2
   595 | D:2      | Reached XP level 3. HP: 33/33 MP: 3/3
   780 | D:2      | Reached skill level 5 in Axes
  1050 | D:2      | Found an ornate altar of the Wu Jian Council.
  1051 | D:2      | Found a burning altar of Makhleb.
  1320 | D:3      | Reached skill level 1 in Armour
  1380 | D:3      | Reached XP level 4. HP: 28/40 MP: 4/4
  2081 | D:3      | Found a sparkling altar of Nemelex Xobeh.
  2184 | D:3      | Reached XP level 5. HP: 47/47 MP: 5/5
  2551 | D:4      | Reached skill level 6 in Axes
  2555 | D:4      | HP: 5/105 [poisoned by a worker ant]
  2859 | D:4      | Found a staircase to the Ecumenical Temple.
  3073 | Temple   | Entered the Ecumenical Temple
  3526 | D:4      | Reached XP level 6. HP: 33/55 MP: 6/6
  3788 | D:4      | Reached skill level 5 in Fighting
  4092 | D:4      | Found an opulent altar of Gozag.
  4142 | D:4      | Reached skill level 7 in Axes
  4624 | D:5      | Entered Level 5 of the Dungeon
  4658 | D:5      | Noticed an ice beast
  4667 | D:5      | Killed an ice beast
  4674 | D:5      | Reached XP level 7. HP: 51/61 MP: 7/7
  4996 | D:5      | Found an iron altar of Okawaru.
  5334 | D:6      | Reached skill level 8 in Axes
  5643 | D:6      | Reached skill level 9 in Axes
  5643 | D:6      | Reached XP level 8. HP: 63/71 MP: 8/8
  6124 | D:6      | Reached skill level 10 in Axes
  6124 | D:6      | Reached skill level 5 in Armour
  6249 | D:6      | Slain by an orc warrior

Levels and vault maps discovered:
D:1:      minmay_arrival_diagonal_passages, layout_rooms, minmay_tetromino_o2
D:2:      layout_loops_ring, gammafunk_temple_overflow_statue,
          minmay_gold_behind_fungi
D:3:      layout_loops_ring, nemelex_xobeh_ov_fountains_minmay, first_ration
D:4:      layout_rooms, grunt_gozag_statues, minmay_temple_entry_statues,
          minmay_misc_feat_x
D:5:      layout_cave_pools, overflow_temple_1_default
D:6:      layout_rooms, minmay_misc_feat_chi
Temple:   eino_temple_scatter_basement

Skill      XL: |  1  2  3  4  5  6  7  8 |
---------------+-------------------------+-----
Fighting       | 4 5 6 |  6.9
Axes           | 5 6 7 9 10 | 10.1
Armour         | 1 2 3 4 5 |  5.0
Dodging        | 3 |  3.0
Stealth        | |  1.5

Action                   |  1- 3 |  4- 6 |  7- 9 || total
-------------------------+-------+-------+-------++-------
Melee: Hand axe          |   134 |    74 |       ||   208
       War axe           |       |    84 |   163 ||   247
  Use: Scroll            |     6 |     1 |     1 ||     8
       Potion            |       |     3 |     2 ||     5
 Stab: Sleeping          |     1 |     1 |       ||     2
  Eat: Chunk             |     2 |     9 |     5 ||    16
Armor: Robe              |     5 |       |       ||     5
       Ring mail         |    20 |    38 |     9 ||    67
       Skin              |       |     2 |       ||     2
       Scale mail        |       |       |    52 ||    52
Dodge: Dodged            |    70 |    93 |    78 ||   241

Table legend:
 A = Non-vault XP
 B = Vault XP
 C = Vault XP percentage of total XP
 D = Non-vault monster count
 E = Vault monster count
 F = Vault count percentage of total count
                 A         B        C        D         E       F
            +---------+---------+-------+---------+---------+-------
      Total |    1876 |       2 |   0.1 |     108 |       1 |   0.9
            +---------+---------+-------+---------+---------+-------
        D:1 |      31 |       2 |   6.1 |      18 |       1 |   5.3
        D:2 |      56 |       0 |   0.0 |      14 |       0 |   0.0
        D:3 |      95 |       0 |   0.0 |      23 |       0 |   0.0
        D:4 |     288 |       0 |   0.0 |      16 |       0 |   0.0
        D:5 |     207 |       0 |   0.0 |      10 |       0 |   0.0
        D:6 |    1199 |       0 |   0.0 |      27 |       0 |   0.0
            +---------+---------+-------+---------+---------+-------
